| TOP OF THE 1ST |
|
Beloit Snappers batting - Pitching for Delmarva Shorebirds : RHP Rod Najera
|
|
Pitching: RHP Rod Najera
|
|
|
Batting: RHB Manny Moron
|
0-0: Foul Ball, location: 2F 0-1: Ball 1-1: Ball 2-1: Called Strike 2-2: Ground out U3 (Groundball, 34, EV 97.5 MPH)
|
|
Batting: RHB Moses Brokken
|
0-0: Fly out, F4 (Popup, 4M, EV 58.8 MPH)
|
|
Batting: LHB Nate Melendez
|
0-0: Ball 1-0: Ball 2-0: Ball 3-0: Base on Balls
|
|
Batting: RHB Rafael Alarcon
|
0-0: Ball 1-0: Ball Nate Melendez is caught stealing 2nd base 2-4
|
| Top of the 1st over - 0 runs, 0 hits, 0 errors, 0 left on base; Beloit 0 - Delmarva 0 |
| BOTTOM OF THE 1ST |
|
Delmarva Shorebirds batting - Pitching for Beloit Snappers : LHP Kevin Barteaux
|
|
Pitching: LHP Kevin Barteaux
|
|
|
Batting: RHB Josh Hopp
|
0-0: Fly out, F7 (Flyball, 7S, EV 88.1 MPH)
|
|
Batting: LHB Sam Williams
|
0-0: Called Strike 0-1: Ball 1-1: Swinging Strike 1-2: Ball 2-2: Strikes out swinging
|
|
Batting: SHB Carlos Carrillo
|
0-0: Foul Ball, location: 2F 0-1: Ball 1-1: Called Strike 1-2: Ball 2-2: Foul Ball, location: 2F 2-2: Fly out, F9 (Line Drive, 9, EV 93.1 MPH)
|
| Bottom of the 1st over - 0 runs, 0 hits, 0 errors, 0 left on base; Beloit 0 - Delmarva 0 |
| TOP OF THE 2ND |
|
Beloit Snappers batting - Pitching for Delmarva Shorebirds : RHP Rod Najera
|
|
Batting: RHB Rafael Alarcon
|
0-0: Ball 1-0: Foul Ball, location: 2F 1-1: Fly out, F5 (Popup, 25, EV 76.9 MPH)
|
|
Batting: RHB Walt Alaniz
|
0-0: Ball 1-0: Called Strike 1-1: Called Strike 1-2: Reached on error, E5 (Groundball, 5, EV 101.9 MPH)
|
|
Batting: RHB Chris Temple
|
0-0: Swinging Strike Walt Alaniz steals 2nd base 0-1: Ball 1-1: Called Strike 1-2: SINGLE (Line Drive, 6M, EV 101.9 MPH) Walt Alaniz to third
|
|
Batting: RHB Shannon Beck
|
0-0: Swinging Strike 0-1: Called Strike 0-2: Ball 1-2: Foul Ball, location: 2F 1-2: Strikes out swinging
|
|
Batting: RHB Mike Gangi
|
0-0: Foul Ball, location: 2F 0-1: Ball 1-1: Hit by Pitch Chris Temple to second
|
|
Batting: RHB Tim Anderson
|
0-0: Ground out 3-1 (Groundball, 34, EV 83.1 MPH)
|
| Top of the 2nd over - 0 runs, 1 hit, 1 error, 3 left on base; Beloit 0 - Delmarva 0 |
| BOTTOM OF THE 2ND |
|
Delmarva Shorebirds batting - Pitching for Beloit Snappers : LHP Kevin Barteaux
|
|
Batting: RHB Ken Manser
|
0-0: SOLO HOME RUN (Flyball, 9D, EV 97.5 MPH), Distance : 395 ft
|
|
Batting: RHB C.J. Wells
|
0-0: Called Strike 0-1: Foul Ball, location: 2F 0-2: Ground out 6-3 (Groundball, 6, EV 104.4 MPH)
|
|
Batting: SHB Eric Kelley
|
0-0: Swinging Strike 0-1: Called Strike 0-2: Strikes out swinging
|
|
Batting: LHB Vinny Rivera
|
0-0: Called Strike 0-1: Foul Ball, location: 2F 0-2: Ground out 5-3 (Groundball, 56, EV 81.2 MPH)
|
| Bottom of the 2nd over - 1 run, 1 hit, 0 errors, 0 left on base; Beloit 0 - Delmarva 1 |
| TOP OF THE 3RD |
|
Beloit Snappers batting - Pitching for Delmarva Shorebirds : RHP Rod Najera
|
|
Batting: RHB Manny Moron
|
0-0: Ball 1-0: Ball 2-0: Foul Ball, location: 2F 2-1: Ball 3-1: Fly out, F9 (Flyball, 9S, EV 83.1 MPH)
|
|
Batting: RHB Moses Brokken
|
0-0: Called Strike 0-1: Swinging Strike 0-2: Foul Ball, location: 2F 0-2: Foul Ball, location: 2F 0-2: Strikes out swinging
|
|
Batting: LHB Nate Melendez
|
0-0: Foul Ball, location: 2F 0-1: Called Strike 0-2: Reached on error, E6 (Groundball, 6, EV 83.8 MPH)
|
|
Batting: RHB Rafael Alarcon
|
0-0: Foul Ball, location: 2F 0-1: Called Strike 0-2: Fielders Choice at 2nd, 5-4 (Groundball, 56, EV 105.6 MPH)
|
| Top of the 3rd over - 0 runs, 0 hits, 1 error, 1 left on base; Beloit 0 - Delmarva 1 |
| BOTTOM OF THE 3RD |
|
Delmarva Shorebirds batting - Pitching for Beloit Snappers : LHP Kevin Barteaux
|
|
Batting: RHB Carlos Teniente
|
0-0: Called Strike 0-1: Ball 1-1: Ball 2-1: Ball 3-1: Foul Ball, location: 2F 3-2: Base on Balls
|
|
Batting: RHB Ruben Domingues
|
0-0: Grounds into double play, 6-4-3 (Groundball, 6, EV 81.2 MPH)
|
|
Batting: RHB Josh Hopp
|
0-0: Foul Ball, location: 2F 0-1: Ball 1-1: Reached on error, E3 (Groundball, 34, EV 101.9 MPH)
|
|
Batting: LHB Sam Williams
|
0-0: Called Strike Josh Hopp is caught stealing 2nd base 2-6
|
| Bottom of the 3rd over - 0 runs, 0 hits, 1 error, 0 left on base; Beloit 0 - Delmarva 1 |
| TOP OF THE 4TH |
|
Beloit Snappers batting - Pitching for Delmarva Shorebirds : RHP Rod Najera
|
|
Batting: RHB Walt Alaniz
|
0-0: SINGLE (Groundball, 34D, EV 99.4 MPH)
|
|
Batting: RHB Chris Temple
|
0-0: Called Strike 0-1: SINGLE (Line Drive, 8LS, EV 105.6 MPH) Walt Alaniz to second
|
|
Batting: RHB Shannon Beck
|
0-0: Called Strike 0-1: Ball 1-1: Ball 2-1: SINGLE (Groundball, 6MD, EV 110.6 MPH) Walt Alaniz to third Chris Temple to second
|
|
Batting: RHB Mike Gangi
|
0-0: Fly out, F3 (Flyball, 3D, EV 96.9 MPH)
|
|
Batting: RHB Tim Anderson
|
0-0: Ball 1-0: Called Strike 1-1: Ball 2-1: Ball 3-1: Foul Ball, location: 2F 3-2: Base on Balls Walt Alaniz scores Chris Temple to third Shannon Beck to second
|
|
Batting: RHB Manny Moron
|
0-0: Called Strike 0-1: Foul Ball, location: 2F 0-2: Ball 1-2: Ball 2-2: Strikes out swinging
|
|
Batting: RHB Moses Brokken
|
0-0: Called Strike 0-1: Fly out, F7 (Flyball, 7LD, EV 98.8 MPH)
|
| Top of the 4th over - 1 run, 3 hits, 0 errors, 3 left on base; Beloit 1 - Delmarva 1 |
| BOTTOM OF THE 4TH |
|
Delmarva Shorebirds batting - Pitching for Beloit Snappers : LHP Kevin Barteaux
|
|
Batting: LHB Sam Williams
|
0-0: Called Strike 0-1: SINGLE (Groundball, 5D, EV 95.6 MPH)
|
|
Batting: SHB Carlos Carrillo
|
0-0: Fly out, F7 (Flyball, 7S, EV 85.6 MPH)
|
|
Batting: RHB Ken Manser
|
0-0: Ball 1-0: Ball 2-0: Ball 3-0: Swinging Strike 3-1: Fly out, F7 (Flyball, 78M, EV 88.8 MPH)
|
|
Batting: RHB C.J. Wells
|
0-0: Called Strike 0-1: Ball 1-1: Fly out, F7 (Flyball, 7S, EV 95.0 MPH)
|
| Bottom of the 4th over - 0 runs, 1 hit, 0 errors, 1 left on base; Beloit 1 - Delmarva 1 |
| TOP OF THE 5TH |
|
Beloit Snappers batting - Pitching for Delmarva Shorebirds : RHP Rod Najera
|
|
Batting: LHB Nate Melendez
|
0-0: Ground out U3 (Groundball, 3S, EV 69.4 MPH)
|
|
Batting: RHB Rafael Alarcon
|
0-0: Ball 1-0: Fly out, F7 (Flyball, 78S, EV 80.6 MPH)
|
|
Batting: RHB Walt Alaniz
|
0-0: Ball 1-0: Ball 2-0: Ball 3-0: Base on Balls
|
|
Batting: RHB Chris Temple
|
0-0: Foul Ball, location: 2F 0-1: Ball 1-1: Called Strike 1-2: Foul Ball, location: 2F 1-2: Foul Ball, location: 2F 1-2: Ground out 4-3 (Groundball, 34S, EV 86.2 MPH)
|
| Top of the 5th over - 0 runs, 0 hits, 0 errors, 1 left on base; Beloit 1 - Delmarva 1 |
| BOTTOM OF THE 5TH |
|
Delmarva Shorebirds batting - Pitching for Beloit Snappers : LHP Kevin Barteaux
|
|
Batting: SHB Eric Kelley
|
0-0: Called Strike 0-1: Ball 1-1: Ball 2-1: Ball 3-1: Fly out, F9 (Flyball, 89S, EV 93.1 MPH)
|
|
Batting: LHB Vinny Rivera
|
0-0: Ball 1-0: Ball 2-0: Called Strike 2-1: Ground out 4-3 (Groundball, 4M, EV 96.2 MPH)
|
|
Batting: RHB Carlos Teniente
|
0-0: Ball 1-0: Ball 2-0: Swinging Strike 2-1: Ground out 6-3 (Groundball, 6, EV 85.6 MPH)
|
| Bottom of the 5th over - 0 runs, 0 hits, 0 errors, 0 left on base; Beloit 1 - Delmarva 1 |
| TOP OF THE 6TH |
|
Beloit Snappers batting - Pitching for Delmarva Shorebirds : RHP Rod Najera
|
|
Batting: RHB Shannon Beck
|
0-0: Ball 1-0: Foul Ball, location: 2F 1-1: Ball 2-1: Swinging Strike 2-2: Ball 3-2: Base on Balls
|
|
Batting: RHB Mike Gangi
|
0-0: Ball 1-0: Ball 2-0: Ball Wild Pitch! Shannon Beck to second 3-0: Called Strike 3-1: Foul Ball, location: 2F 3-2: Base on Balls
|
|
Batting: RHB Tim Anderson
|
0-0: Called Strike 0-1: Foul Ball, location: 2F 0-2: Ball 1-2: Strikes out looking
|
|
Batting: RHB Manny Moron
|
0-0: Ball 1-0: Grounds into double play, 6-4-3 (Groundball, 6, EV 88.8 MPH)
|
| Top of the 6th over - 0 runs, 0 hits, 0 errors, 1 left on base; Beloit 1 - Delmarva 1 |
| BOTTOM OF THE 6TH |
|
Delmarva Shorebirds batting - Pitching for Beloit Snappers : LHP Kevin Barteaux
|
|
Batting: RHB Ruben Domingues
|
0-0: Ball 1-0: Ball 2-0: Foul Ball, location: 2F 2-1: Foul Ball, location: 2F 2-2: Strikes out swinging
|
|
Batting: RHB Josh Hopp
|
0-0: Ball 1-0: Swinging Strike 1-1: Called Strike 1-2: Ball 2-2: Strikes out swinging
|
|
Batting: LHB Sam Williams
|
0-0: Called Strike 0-1: Ball 1-1: Ball 2-1: Called Strike 2-2: Foul Ball, location: 2F 2-2: Strikes out looking
|
| Bottom of the 6th over - 0 runs, 0 hits, 0 errors, 0 left on base; Beloit 1 - Delmarva 1 |
| TOP OF THE 7TH |
|
Beloit Snappers batting - Pitching for Delmarva Shorebirds : RHP Rod Najera
|
|
Batting: RHB Moses Brokken
|
0-0: Ball 1-0: Ball 2-0: Foul Ball, location: 2F 2-1: Ball 3-1: Called Strike 3-2: SINGLE (Groundball, 56S, EV 72.5 MPH) (infield hit)
|
|
Pitching: LHP Lawson Noseworthy
|
|
|
Batting: LHB Nate Melendez
|
0-0: Ball 1-0: Fielders Choice at 2nd, 4-6 (Groundball, 34, EV 82.5 MPH)
|
|
Batting: RHB Rafael Alarcon
|
0-0: Ball 1-0: Called Strike 1-1: Called Strike 1-2: Ball 2-2: Strikes out looking
|
|
Batting: RHB Walt Alaniz
|
0-0: Called Strike 0-1: Called Strike Nate Melendez is caught stealing 2nd base 2-4
|
| Top of the 7th over - 0 runs, 1 hit, 0 errors, 0 left on base; Beloit 1 - Delmarva 1 |
| BOTTOM OF THE 7TH |
|
Delmarva Shorebirds batting - Pitching for Beloit Snappers : LHP Kevin Barteaux
|
|
Batting: SHB Carlos Carrillo
|
0-0: Ball 1-0: Fly out, F4 (Popup, 3D, EV 50.0 MPH)
|
|
Batting: RHB Ken Manser
|
0-0: Ground out 4-3 (Groundball, 4, EV 105.6 MPH)
|
|
Batting: RHB C.J. Wells
|
0-0: Ground out 5-3 (Groundball, 56, EV 82.5 MPH)
|
| Bottom of the 7th over - 0 runs, 0 hits, 0 errors, 0 left on base; Beloit 1 - Delmarva 1 |
| TOP OF THE 8TH |
|
Beloit Snappers batting - Pitching for Delmarva Shorebirds : LHP Lawson Noseworthy
|
|
Batting: RHB Walt Alaniz
|
0-0: Swinging Strike 0-1: SINGLE (Groundball, 56D, EV 96.9 MPH)
|
|
Batting: RHB Chris Temple
|
0-0: Ball 1-0: Grounds into double play, 4-6-3 (Groundball, 4S, EV 81.2 MPH)
|
|
Batting: RHB Shannon Beck
|
0-0: Fly out, F4 (Popup, 3DF, EV 66.9 MPH)
|
| Top of the 8th over - 0 runs, 1 hit, 0 errors, 0 left on base; Beloit 1 - Delmarva 1 |
| BOTTOM OF THE 8TH |
|
Delmarva Shorebirds batting - Pitching for Beloit Snappers : LHP Kevin Barteaux
|
|
Batting: SHB Eric Kelley
|
0-0: Ball 1-0: Ball 2-0: Fly out, F8 (Flyball, 8LXD, EV 80.6 MPH)
|
|
Batting: LHB Vinny Rivera
|
0-0: Ball 1-0: Ball 2-0: Swinging Strike 2-1: Foul Ball, location: 2F 2-2: Foul Ball, location: 2F 2-2: Strikes out swinging
|
|
Batting: RHB Carlos Teniente
|
0-0: Foul Ball, location: 2F 0-1: Ball 1-1: Called Strike 1-2: Ball 2-2: Fly out, F7 (Flyball, 7S, EV 95.0 MPH)
|
| Bottom of the 8th over - 0 runs, 0 hits, 0 errors, 0 left on base; Beloit 1 - Delmarva 1 |
| TOP OF THE 9TH |
|
Beloit Snappers batting - Pitching for Delmarva Shorebirds : LHP Lawson Noseworthy
|
|
Batting: RHB Mike Gangi
|
0-0: Ball 1-0: Ball 2-0: Ball 3-0: Called Strike 3-1: Swinging Strike 3-2: Strikes out swinging
|
|
Batting: RHB Tim Anderson
|
0-0: Ball 1-0: Swinging Strike 1-1: Ball 2-1: Called Strike 2-2: Strikes out swinging
|
|
Batting: RHB Manny Moron
|
0-0: Fly out, F8 (Flyball, 8LM, EV 78.8 MPH)
|
| Top of the 9th over - 0 runs, 0 hits, 0 errors, 0 left on base; Beloit 1 - Delmarva 1 |
| BOTTOM OF THE 9TH |
|
Delmarva Shorebirds batting - Pitching for Beloit Snappers : LHP Kevin Barteaux
|
|
Batting: RHB Ruben Domingues
|
0-0: Ball 1-0: Foul Ball, location: 2F 1-1: Fly out, F5 (Popup, 25, EV 88.8 MPH)
|
|
Batting: RHB Josh Hopp
|
0-0: Swinging Strike 0-1: Ball 1-1: Foul Ball, location: 2F 1-2: Ball 2-2: Strikes out swinging
|
|
Batting: LHB Sam Williams
|
0-0: TRIPLE (Line Drive, 9LD, EV 105.6 MPH)
|
|
Batting: SHB Carlos Carrillo
|
0-0: Called Strike 0-1: Ground out 5-3 (Groundball, 5L, EV 91.9 MPH)
|
| Bottom of the 9th over - 0 runs, 1 hit, 0 errors, 1 left on base; Beloit 1 - Delmarva 1 |
| TOP OF THE 10TH |
|
Beloit Snappers batting - Pitching for Delmarva Shorebirds : LHP Lawson Noseworthy
|
|
Pitching: RHP Harley Hyde
|
|
|
Pinch Hitting: LHB Oscar Curiel
|
0-0: Ball 1-0: Called Strike 1-1: Called Strike 1-2: Ball 2-2: Strikes out swinging
|
|
Batting: LHB Nate Melendez
|
0-0: Ball 1-0: Ball 2-0: Called Strike 2-1: Ball 3-1: Base on Balls
|
|
Pinch Hitting: LHB Roscoe Romaine
|
0-0: Foul Ball, location: 2F 0-1: Called Strike 0-2: Ball Wild Pitch! Nate Melendez to second 1-2: Ball 2-2: Ball 3-2: Intentional Walk
|
|
Pinch Hitting: LHB Alejandro Muniz
|
0-0: DOUBLE (Line Drive, 89D, EV 113.1 MPH) Nate Melendez scores Roscoe Romaine to third Runner from 3rd tries for Home, throw by RF and OUT! 9-4-2
|
|
Batting: RHB Chris Temple
|
0-0: Called Strike 0-1: Ground out U3 (Groundball, 3L, EV 79.4 MPH)
|
| Top of the 10th over - 1 run, 1 hit, 0 errors, 1 left on base; Beloit 2 - Delmarva 1 |
| BOTTOM OF THE 10TH |
|
Delmarva Shorebirds batting - Pitching for Beloit Snappers : LHP Kevin Barteaux
|
|
Pitching: LHP Cory Yeary
|
|
|
Now at 3B: Jamie Jennings
|
|
|
Now in LF: Marcus Pollard
|
|
|
Now in RF: Oscar Curiel
|
|
|
Batting: RHB Ken Manser
|
0-0: Called Strike 0-1: Swinging Strike 0-2: Ground out 4-3 (Groundball, 34S, EV 88.8 MPH)
|
|
Batting: RHB C.J. Wells
|
0-0: Ball 1-0: Ball 2-0: Fly out, F6 (Popup, 6MS, EV 78.8 MPH)
|
|
Batting: SHB Eric Kelley
|
0-0: Ball 1-0: Ball 2-0: Ball 3-0: Base on Balls
|
|
Pinch Hitting: RHB Minoru Matsumoto
|
0-0: Called Strike 0-1: Foul Ball, location: 2F 0-2: SINGLE (Line Drive, 7LS, EV 96.2 MPH) Eric Kelley to second
|
|
Batting: RHB Carlos Teniente
|
0-0: Called Strike 0-1: Called Strike 0-2: Foul Ball, location: 2F 0-2: Fielders Choice at 2nd, 6-4 (Groundball, 56, EV 78.8 MPH)
|
| Bottom of the 10th over - 0 runs, 1 hit, 0 errors, 2 left on base; Beloit 2 - Delmarva 1 |
|